 Dungeon Crawl Stone Soup version 0.31-a0-196-g86fe4a5e66 (webtiles) character file.

Game seed: 7183781456219589133

52 qw the Shooter (level 3, -3/20 HPs)
             Began as a Deep Elf Hunter on June 24, 2023.
             Slain by a gnoll
             ... wielding a +0 club
              (5 damage)
             ... on level 1 of the Dungeon.
             The game lasted 00:00:20 (917 turns).

qw the Shooter (Deep Elf Hunter)                     Turns: 917, Time: 00:00:20

Health: -3/20      AC:  5    Str: 10    XL:     3   Next: 60%
Magic:  5/5        EV: 11    Int: 13    God:
Gold:   37         SH:  0    Dex: 18    Spells: 2/2 levels left

rFire   . . .        Y - +0 shortbow
rCold   . . .        (shield currently unavailable)
rNeg    . . .        f - +0 ring mail
rPois   .            (no helmet)
rElec   .            (no cloak)
rCorr   .            (no gloves)
SInv    .            (no boots)
Will    .....        (no amulet)
Stlth   +            (no ring)
HPRegen 0.23/turn    (no ring)
MPRegen 0.09/turn

%: no passive effects
@: no status effects
A: no striking features
a: no special abilities


You were on level 1 of the Dungeon.
You visited 1 branch of the dungeon, and saw 2 of its levels.

You collected 37 gold pieces.


   Skills:
 - Level 1.5 Fighting
 + Level 7.1 Ranged Weapons
 - Level 2.4 Dodging
 - Level 1.2 Stealth


You had 2 spell levels left.
You didn't know any spells.
Your spell library was empty.

Inventory:

Hand Weapons
 Y - a +0 shortbow (weapon)
Armour
 f - a +0 ring mail (worn)
Scrolls
 a - a scroll of identify
Potions
 h - a potion of enlightenment {unknown}

Dungeon Overview and Level Annotations

Branches:
Dungeon (2/15)

Altars:


Message History

The gnoll hits you from afar with a +0 halberd.
877 ||| STAIRDANCE The gnoll hits you from afar with a +0 halberd.
You climb upwards.
There is a stone staircase leading down, spattered with blood here.
You start resting.
HP restored.
Done exploring.
(D) Dungeon
Where to? (* - list waypoints, Enter - D:2, ? - help)
What level of the Dungeon? (default 1, ? - help)
You climb downwards.
The rat barely misses you. The gnoll closely misses you.
There is a stone staircase leading up, spattered with blood here.
There are monsters nearby!
You shoot an arrow. The arrow hits the gnoll.
The gnoll is moderately wounded.
The rat closely misses you. The gnoll barely misses you.
The gnoll closely misses you. The rat misses you.
The gnoll hits you with a +0 club!
911 ||| STAIRDANCE The rat barely misses you.
The gnoll hits you with a +0 halberd! The gnoll barely misses you.
You climb upwards.
There is a stone staircase leading down, spattered with blood here.
You shoot an arrow. The arrow hits the gnoll!
You kill the gnoll!
The rat bites you but does no damage. The gnoll closely misses you.
Your Ranged Weapons skill increases to level 7!
You shoot an arrow. The arrow closely misses the gnoll.
The rat closely misses you. The gnoll hits you with a +0 club.
You shoot an arrow. The arrow hits the gnoll.
The gnoll is heavily wounded.
The rat twitches its whiskers.
The rat closely misses you. The gnoll barely misses you.
You shoot an arrow. The arrow closely misses the gnoll.
The rat barely misses you. The gnoll closely misses you.
The rat bites you but does no damage. The gnoll hits you but does no damage.
You shoot an arrow. The arrow closely misses the gnoll.
The rat closely misses you. The gnoll hits you with a +0 club.
You die...

#......# #.#..#.#######
##...#.# #.#..#.# #....
#...#)## #.#..#.# #.###
##.....# #.#..#.# #.#
#.....## #.#..#.# #.#
#......# #.#..#.# #.#
#....#.# #.#..#.# #.#
#....#.######.#..#.# #.#
#######....#..)@r[.....#.#
#.#
#.............g........#.#
#.#
#.############.....#.#.#.#
#.# ##.#
#.#####.....#.#.#.# #.#
...# #.....#######.#.#.#
#.# #..# #.###.# #.#.#.#
#.# ##.# #.#...# #.#.#.#
#.# #.#
#.#.#########.#.#.# #.###
#.# #.#.#.........#.#.#
#....


You could see a gnoll and a rat.

Vanquished Creatures
  3 gnolls (D:1)
  A dart slug (D:1)
  A giant cockroach (D:1)
  A goblin (D:1)
  3 hobgoblins (D:1)
  4 jackals (D:1)
  A ball python (D:1)
  A bat (D:1)
  2 frilled lizards (D:1)
  2 kobolds (D:1)
  4 rats
23 creatures vanquished.

Notes
Turn   | Place    | Note
-------+----------+-------------------------------------------
     0 | D:1      | qw the Deep Elf Hunter began the quest for the Orb.
     0 | D:1      | Reached XP level 1. HP: 12/12 MP: 3/3
     0 | D:1      | 0 ||| qw: Version: 0.3-a-9-g12657ce
     0 | D:1      | 0 ||| qw: Game counter: 4788
     0 | D:1      | 0 ||| qw: Always use a shield: true
     0 | D:1      | 0 ||| qw: God list: Okawaru
     0 | D:1      | 0 ||| qw: Allow faded altars: false
     0 | D:1      | 0 ||| qw: Do Orc after D:15 true
     0 | D:1      | 0 ||| qw: Do second Lair branch before Depths: true
     0 | D:1      | 0 ||| qw: Lair rune preference: random
     0 | D:1      | 0 ||| qw: Plans: Normal
     0 | D:1      | 0 ||| PLANNING D:1-11
    62 | D:1      | Reached skill level 6 in Ranged Weapons
    62 | D:1      | Reached XP level 2. HP: 16/16 MP: 4/4
   476 | D:1      | Reached XP level 3. HP: 9/20 MP: 5/5
   477 | D:1      | HP: 5/20 [constriction (1)]
   481 | D:1      | HP: 1/20 [jackal (2)]
   778 | D:1      | 778 ||| UPGRADING to +0 ring mail.
   788 | D:1      | 788 ||| DROPPING +0 leather armour.
   789 | D:1      | 789 ||| READING 2 scrolls labelled TOUDWIT RIRUGG.
   790 | D:1      | 790 ||| READING scroll labelled OFAOGA OS KOCE.
   791 | D:1      | 791 ||| READING scroll labelled CAGHI JIDEKLUN.
   792 | D:1      | 792 ||| DRINKING 2 bubbling amethyst potions.
   793 | D:1      | 793 ||| DROPPING scroll of butterflies.
   794 | D:1      | 794 ||| DROPPING potion of invisibility.
   825 | D:2      | 825 ||| STAIRDANCE
   877 | D:2      | 877 ||| STAIRDANCE
   911 | D:2      | 911 ||| STAIRDANCE
   914 | D:1      | Reached skill level 7 in Ranged Weapons
   914 | D:1      | HP: 2/20 [gnoll/+0 club (5)]
   917 | D:1      | Slain by a gnoll

Levels and vault maps discovered:
D:1:      minmay_arrival_open_corners, layout_basic
D:2:      layout_basic, uniq_jessica

Skill      XL: |  1  2  3 |
---------------+----------+-----
Ranged Weapons | 6 7 |  7.1
Fighting       | |  1.5
Dodging        | |  2.4
Stealth        | |  1.2

Action                     || total
---------------------------++-------
   Fire: Shortbow          ||    76
    Use: Scroll            ||     3
         Potion            ||     1
 Armour: Leather armour    ||     6
         Ring mail         ||     5
  Dodge: Dodged            ||    53

Table legend:
 A = Non-vault XP
 B = Vault XP
 C = Vault XP percentage of total XP
 D = Non-vault monster count
 E = Vault monster count
 F = Vault count percentage of total count
                 A         B        C        D         E       F
            +---------+---------+-------+---------+---------+-------
      Total |      75 |       0 |   0.0 |      23 |       0 |   0.0
            +---------+---------+-------+---------+---------+-------
        D:1 |      74 |       0 |   0.0 |      22 |       0 |   0.0
        D:2 |       1 |       0 |   0.0 |       1 |       0 |   0.0
            +---------+---------+-------+---------+---------+-------
